 Seeded DCSS version 0.29.1-4-g47bece8355 (webtiles) character file.

Game seed: 1738030888014195264 (custom seed)

52851 kingsuperguy the Warrior (level 14, -9/135 HPs)
             Began as a Minotaur Fighter on Dec 2, 2022.
             Was an Initiate of Gozag.
             Mangled by an azure jelly (37 damage)
             ... on level 2 of the Pits of Slime.
             The game lasted 00:47:30 (18436 turns).

kingsuperguy the Warrior (Minotaur Fighter)        Turns: 18436, Time: 00:47:31

Health: -9/135     AC: 25    Str: 32    XL:     14   Next: 28%
Magic:  0/13       EV: 10    Int:  7    God:    Gozag
Gold:   2298       SH:  7    Dex: 10    Spells: 13/13 levels left

rFire   . . .      SeeInvis .   i - +2 Maxwell's thermic engine {flame, freeze}
rCold   . . .      Faith    .   c - +0 buckler
rNeg    . . .      Spirit   +   z - +4 plate armour of the Moon {Regen+ Int+2 Slay+2}
rPois   .          Reflect  .   (helmet restricted)
rElec   .          Harm     .   q - +0 cloak
rCorr   +          Rampage  .   E - +0 pair of gloves
Will    +....                   t - +0 pair of boots
Stlth   ..........              r - amulet of guardian spirit
HPRegen 1.12/turn               U - +6 ring of strength
MPRegen 0.13/turn               l - ring of resist corrosion

@: engulfed (cannot breathe)
A: horns 2, retaliatory headbutt
a: Renounce Religion, Potion Petition, Call Merchant, Bribe Branch


You were on level 2 of the Pits of Slime.
You worshipped Gozag.
Gozag was most pleased with you.
You visited 4 branches of the dungeon, and saw 21 of its levels.
You also visited: Bailey.

You collected 3894 gold pieces.
You spent 1160 gold pieces at shops.
You paid 436 gold pieces to Gozag.

Inventory:

Hand Weapons
 i - the +2 Maxwell's thermic engine (weapon) {flame, freeze}
   (You bought it in a shop on level 1 of the Dungeon)

   It burns those it strikes, dealing additional fire damage.
   Big, fiery blades are also staple armaments of hydra-hunters.
   It freezes those it strikes, dealing additional cold damage.
   It can also slow down cold-blooded creatures.
   It becomes more effective when it hits something.
   This effect fades over time.
Missiles
 C - 13 atropa-tipped darts
 K - 12 javelins
 M - 6 poisoned darts
 P - 2 throwing nets
Armour
 c - a +0 buckler (worn)
 q - a +0 cloak (worn)
 t - a +0 pair of boots (worn)
 z - the +4 plate armour of the Moon (worn) {Regen+ Int+2 Slay+2}
   (You found it in a bailey)

   Int:       It affects your intelligence (+2).
   Slay:      It affects your accuracy & damage with ranged weapons and melee
   (+2).
   Regen:     It increases your rate of health regeneration.
 E - a +0 pair of gloves (worn)
Jewellery
 a - a ring of magical power
 l - a ring of resist corrosion (right hand)
 r - an amulet of guardian spirit (around neck)
 u - a +6 ring of intelligence
 x - an amulet of reflection
 S - a ring of see invisible
 U - a +6 ring of strength (left hand)
 V - a +4 ring of protection
 W - a ring of poison resistance
 Z - a ring of protection from fire
Wands
 d - a wand of flame (6)
 p - a wand of digging (6)
 w - a wand of acid (16) (quivered)
 D - a wand of polymorph (6)
 F - a wand of charming (20)
 N - a wand of roots (10)
 Y - a wand of mindburst (7)
Scrolls
 h - 2 scrolls of enchant armour
 k - 4 scrolls of blinking
 m - 5 scrolls of fear
 s - 8 scrolls of teleportation
 B - 3 scrolls of enchant weapon
 H - a scroll of brand weapon
 J - 2 scrolls of magic mapping
 Q - 2 scrolls of butterflies
 T - a scroll of acquirement
 X - a scroll of silence
Potions
 b - 11 potions of ambrosia
 e - 7 potions of brilliance
 f - 2 potions of curing
 g - 3 potions of magic
 n - a potion of experience
 o - 2 potions of berserk rage
 v - 2 potions of heal wounds
 A - 2 potions of mutation
 I - a potion of cancellation
 O - a potion of flight
Miscellaneous
 y - a box of beasts
 G - a box of beasts
 L - a phial of floods
 R - a tin of tremorstones (2/2)


   Skills:
 + Level 15.0 Fighting
 + Level 14.8 Long Blades
 + Level 15.0 Armour
 + Level 4.6 Dodging
 + Level 15.0 Shields
 + Level 4.0 Evocations


You had 13 spell levels left.
You didn't know any spells.
Your spell library contained the following spells:

 Spells                   Type           Power      Damage    Failure   Level
 Apportation              Tloc           0%         N/A       95%         1
 Foxfire                  Conj/Fire      0%         2x1d4     95%         1
 Freeze                   Ice            0%         1d3       95%         1
 Magic Dart               Conj           0%         1d3       95%         1
 Necrotise                Necr           0%         1d4       95%         1
 Summon Small Mammal      Summ           0%         N/A       95%         1
 Blink                    Tloc           0%         N/A       98%         2
 Call Imp                 Summ           0%         N/A       98%         2
 Call Canine Familiar     Summ           0%         N/A       100%        3
 Conjure Flame            Conj/Fire      0%         6-21      100%        3
 Frozen Ramparts          Ice            0%         1d1       100%        3
 Gell's Gravitas          Tloc           0%         N/A       100%        3
 Inner Flame              Hex/Fire       0%         N/A       100%        3
 Lesser Beckoning         Tloc           0%         N/A       100%        3
 Mephitic Cloud           Conj/Pois/Air  0%         N/A       100%        3
 Ozocubu's Armour         Ice            0%         N/A       100%        3
 Summon Guardian Golem    Hex/Summ       0%         N/A       100%        3
 Teleport Other           Tloc           0%         N/A       100%        3
 Flame Wave               Conj/Fire      0%         2d4       100%        4
 Hailstorm                Conj/Ice       0%         3d3       100%        4
 Manifold Assault         Tloc           0%         N/A       100%        5
 Ozocubu's Refrigeration  Ice            0%         4d7       100%        7


Dungeon Overview and Level Annotations

Branches:
Dungeon (14/15)            Temple (0/1) D:6            Lair (4/5) D:8
  Swamp (1/4) Lair:3        Snake (0/4) Lair:2        Slime (2/5) Lair:4
    Orc (0/2) D:12         Vaults (0/5) D:14         Bailey (visited)

Altars:
Cheibriados
Gozag
Hepliaklqana
Kikubaaqudgha
Sif Muna
Wu Jian
Xom
Yredelemnul
Jiyva

Shops:
D:1 (   D:3 =   D:4 *   D:14 [

Annotations:
D:4 Pikel
D:13 Kirke
Lair:1 1 runed translucent door, Caestello's ghost, journeyman FoAM


Innate Abilities, Weirdness & Mutations

You have a pair of horns on your head.
You reflexively headbutt those who attack you in melee.


Message History

You feel your power leaking away. The large slime creature hits you!!
* * * LOW HITPOINT WARNING * * *
A slime creature comes into view.
The acid blob spits acid at you. The splash of acid hits you. You resist.
* * * LOW HITPOINT WARNING * * *
The azure jelly hits you but does no damage. x3
The azure jelly misses you. The slime creature hits you.
You feel better.
The quicksilver ooze closely misses you.
The quicksilver ooze hits you.
* * * LOW HITPOINT WARNING * * *
You feel your power leaking away. The great orb of eyes gazes at you.
You resist with significant effort.
The large slime creature barely misses you.
You block the large slime creature's attack.
You block the azure jelly's attack.
The azure jelly hits you but does no damage.
The azure jelly barely misses you.
The azure jelly hits you but does no damage.
The slime creature barely misses you. The quicksilver ooze hits you!
* * * LOW HITPOINT WARNING * * *
The quicksilver ooze engulfs you!
The quicksilver ooze hits you but does no damage.
You cannot read scrolls while unable to breathe!
Unknown command.
You slip free of the ooze engulfing you.
The quicksilver ooze attacks as you move away!
The quicksilver ooze hits you.
* * * LOW HITPOINT WARNING * * *
The quicksilver ooze hits you but does no damage.
The azure jelly attacks as you move away!
The azure jelly hits you but does no damage.
The azure jelly hits you.
* * * LOW HITPOINT WARNING * * *
The azure jelly freezes you!!!
You die...
Your body crumbles into a pile of gold.

..........#
#.........#
##........#
##........#
##.......<.##.
#....$<.....J.
##............
##..JJG.JJ...
#...J@J..J...
#.....J.#....
#.........#...
##J#..........
..#...>.......
............#..
...........##..
..........#


You could see an acid blob, an azure jelly, a great orb of eyes, 2 large slime
creatures, 5 slime creatures and a quicksilver ooze.

Vanquished Creatures
  An azure jelly (Slime:1)
  Josephine (D:10)
  5 boulder beetles
  2 catoblepae
  3 hydras
  A rakshasa (D:14)
  3 two-headed ogres
  A centaur warrior (D:14)
  2 dancing weapons (D:14)
  6 death yaks
  A tengu warrior (D:14)
  Urug (Lair:1)
  A goliath frog (Lair:3)
  3 bog bodies
  3 ugly things
  A deep elf pyromancer (D:13)
  4 manticores
  4 cyclopes
  2 centaur zombies (D:12)
  4 black mambas (Lair:2)
  2 gargoyles
  10 cane toads
  2 komodo dragons
  2 rime drakes
  An unseen horror (shapeshifter) (D:13)
  2 kobold demonologists (D:12)
  An efreet (D:14)
  A tengu conjurer (D:14)
  A yaktaur (D:14)
  4 red devils (D:14)
  4 trolls
  A tyrant leech (Lair:2)
  A queen bee (Lair:1)
  2 hornets
  9 blink frogs
  14 slime creatures
  2 meliai zombies (D:12)
  2 shadows (D:12)
  3 vampires
  13 yaks
  A hog (D:13)
  9 wraiths
  A basilisk (Lair:1)
  3 wyverns
  2 golden eyes (Slime:1)
  5 steam dragons
  4 vampire mosquitoes (D:12)
  2 acid dragons (D:11)
  16 water moccasins
  5 orc warriors
  3 black bears
  19 wolves
  2 ogres
  6 centaurs
  3 lemures (D:5)
  7 kobold brigands
  9 bullfrogs
  3 wights (D:9)
  32 killer bees
  9 howler monkeys
  2 gnoll boudas (D:9)
  Crazy Yiuf (D:2)
  A jelly (D:7)
  3 orc priests (D:5)
  6 hell rats (Lair:1)
  3 iguanas
  6 orc wizards
  Natasha (thrice) (D:3)
  Terence (D:2)
  17 gnolls
  11 river rats (D:7)
  5 adders
  A shadow imp (D:7)
  3 white imps
  An ufetubus (D:6)
  5 worms
  4 dart slugs
  34 orcs
  8 bats
  2 bat zombies (D:5)
  6 endoplasms
  2 giant cockroaches (D:1)
  8 hobgoblins
  23 kobolds
  A quokka (D:3)
  5 ball pythons
  4 frilled lizards
  15 goblins
  5 rats
  A rat zombie (D:5)
  A spectral hobgoblin (D:6)
455 creatures vanquished.

Vanquished Creatures (others)
  An orc wizard (D:14)
  2 bushes (Lair:4)
  10 fungi
  17 plants
30 creatures vanquished.

Grand Total: 485 creatures vanquished

Notes
Turn   | Place    | Note
-------+----------+-------------------------------------------
     0 | D:1      | kingsuperguy the Minotaur Fighter began the quest for the
                  | Orb.
     0 | D:1      | Reached XP level 1. HP: 19/19 MP: 0/0
    57 | D:1      | Found a faded altar of an unknown god.
    80 | D:1      | Reached XP level 2. HP: 27/27 MP: 1/1
   232 | D:1      | Found Ismoeso's Weapon Emporium.
   501 | D:2      | Reached XP level 3. HP: 33/33 MP: 2/2
   664 | D:2      | Found a runed translucent door.
   665 | D:2      | Noticed Crazy Yiuf
   972 | D:2      | Noticed Terence
   983 | D:2      | Killed Terence
   989 | D:2      | Reached XP level 4. HP: 27/40 MP: 1/3
  1820 | D:2      | Killed Crazy Yiuf
  1821 | D:2      | Reached XP level 5. HP: 18/47 MP: 1/4
  2876 | D:3      | Noticed Natasha
  2880 | D:3      | Killed Natasha
  2885 | D:3      | Found Ihunad's Jewellery Shop.
  3098 | D:3      | Noticed Natasha
  3107 | D:3      | Killed Natasha
  3108 | D:3      | Reached skill level 5 in Armour
  3108 | D:3      | Reached skill level 5 in Shields
  3182 | D:3      | Reached skill level 5 in Fighting
  3342 | D:3      | Noticed Natasha
  3351 | D:3      | Killed Natasha
  3447 | D:4      | Reached XP level 6. HP: 52/56 MP: 5/5
  3570 | D:4      | Found a shimmering blue altar of Sif Muna.
  3682 | D:4      | Found Bifryr's General Store.
  3766 | D:4      | Identified the +1 leather armour "Languuv" {rF- rN+ Stlth+}
  3923 | D:5      | Entered Level 5 of the Dungeon
  4253 | D:5      | Reached skill level 5 in Long Blades
  4253 | D:5      | Reached XP level 7. HP: 34/62 MP: 3/6
  4378 | D:5      | Noticed Pikel
  5368 | D:5      | Found an ancient bone altar of Kikubaaqudgha.
  5806 | D:6      | Found a staircase to the Ecumenical Temple.
  5913 | D:6      | Found a hazy altar of Hepliaklqana.
  6041 | D:6      | Found an opulent altar of Gozag.
  6107 | D:6      | Became a worshipper of Gozag Ym Sagoz the Greedy
  6594 | D:7      | Reached XP level 8. HP: 71/71 MP: 7/7
  6730 | D:7      | Noticed a hornet
  6737 | D:7      | Paralysed by a hornet for 3 turns
  6743 | D:7      | Paralysed by a hornet for 1 turns
  6750 | D:7      | Killed a hornet
  8108 | D:1      | Bought the +2 Maxwell's thermic engine {flame, freeze} for
                  | 440 gold pieces
  8108 | D:1      | Found the +2 Maxwell's thermic engine {flame, freeze}
  8288 | D:8      | Found a flagged portal.
  8309 | Bailey   | Entered a bailey
  8356 | Bailey   | Reached XP level 9. HP: 79/81 MP: 8/8
  8419 | Bailey   | Identified the +4 plate armour of the Moon {Regen+ Int+2
                  | Slay+2}
  8451 | Bailey   | Found a bloodstained altar of Trog.
  8551 | D:8      | Found a basalt altar of Yredelemnul.
  8670 | D:8      | Noticed a two-headed ogre
  8678 | D:8      | Killed a two-headed ogre
  8841 | D:8      | Noticed a two-headed ogre
  8848 | D:8      | Killed a two-headed ogre
  8915 | D:8      | Found a staircase to the Lair.
  9169 | D:8      | Reached XP level 10. HP: 91/91 MP: 9/9
  9394 | Lair:1   | Entered Level 1 of the Lair of Beasts
  9397 | Lair:1   | Noticed a six-headed hydra
  9404 | Lair:1   | Killed a three-headed hydra
  9507 | Lair:1   | Reached skill level 10 in Shields
  9516 | Lair:1   | Reached skill level 10 in Fighting
  9516 | Lair:1   | Reached skill level 10 in Armour
  9556 | Lair:1   | Reached skill level 10 in Long Blades
  9674 | Lair:1   | Noticed Urug
  9686 | Lair:1   | Killed Urug
  9741 | Lair:1   | Reached XP level 11. HP: 76/101 MP: 6/10
  9928 | Lair:1   | Found a runed translucent door.
  9929 | Lair:1   | Found a shimmering altar of Xom.
  9929 | Lair:1   | Noticed Caestello's ghost (journeyman FoAM)
 10195 | Lair:1   | Noticed a +2 hand axe of chaos
 10876 | Lair:2   | Noticed a death yak
 10876 | Lair:2   | Noticed a death yak
 10877 | Lair:2   | Noticed a death yak
 10877 | Lair:2   | Noticed a death yak
 10877 | Lair:2   | Noticed a death yak
 10877 | Lair:2   | Noticed a death yak
 10899 | Lair:1   | Killed a death yak
 10907 | Lair:1   | Killed a death yak
 11187 | D:9      | Found an ornate altar of the Wu Jian Council.
 11362 | D:9      | Noticed a two-headed ogre
 11369 | D:9      | Killed a two-headed ogre
 11710 | D:10     | Entered Level 10 of the Dungeon
 11781 | D:10     | Noticed Josephine
 11788 | D:10     | Killed Josephine
 11916 | D:10     | Reached XP level 12. HP: 112/112 MP: 11/11
 12316 | D:3      | Bought a +6 ring of strength for 360 gold pieces
 12316 | D:3      | Bought a +4 ring of protection for 360 gold pieces
 12539 | D:11     | Identified the +1 chain mail of a Labyrinth {Slay+2}
 12798 | D:11     | Noticed a catoblepas
 12810 | D:11     | Killed a catoblepas
 13137 | D:12     | Found a staircase to the Orcish Mines.
 13238 | D:12     | Noticed a boulder beetle
 13247 | D:12     | Killed a boulder beetle
 13867 | D:12     | Identified a scroll of acquirement
 14018 | D:12     | Noticed a boulder beetle
 14029 | D:12     | Killed a boulder beetle
 14352 | D:13     | Noticed a boulder beetle
 14373 | D:13     | Killed a boulder beetle
 14407 | D:13     | Reached XP level 13. HP: 117/123 MP: 12/12
 14623 | D:13     | Noticed Kirke
 14831 | D:14     | Found Cheibriados's Comfort Zone.
 14834 | D:14     | Found a snail-covered altar of Cheibriados.
 15312 | D:14     | Reached skill level 1 in Dodging
 15341 | D:14     | Reached skill level 1 in Evocations
 15548 | D:14     | Identified the +0 trident of Ydwasohi {venom, Fragile
                  | Str+6}
 15594 | D:14     | Found a gate to the Vaults.
 16015 | Lair:2   | Found a staircase to the Snake Pit.
 16624 | Lair:2   | Identified the +5 quarterstaff "Giaman" {vorpal, Str+5}
 16911 | Lair:3   | Found a staircase to the Swamp.
 16995 | Swamp:1  | Entered Level 1 of the Swamp
 17360 | Lair:3   | Reached XP level 14. HP: 121/133 MP: 11/13
 18003 | Lair:4   | Identified the +7 arbalest of Cataclysm {vorpal, rPois rF-
                  | Str+3 Stlth+}
 18112 | Lair:4   | Reached skill level 15 in Fighting
 18166 | Lair:4   | Found a viscous altar of Jiyva.
 18166 | Lair:4   | Found a staircase to the Slime Pits.
 18235 | Slime:1  | Entered Level 1 of the Pits of Slime
 18251 | Slime:1  | Reached skill level 15 in Armour
 18272 | Slime:1  | Noticed an azure jelly
 18284 | Slime:1  | Killed an azure jelly
 18285 | Slime:1  | Reached skill level 15 in Shields
 18394 | Slime:1  | Noticed an acid blob
 18426 | Slime:2  | Noticed an acid blob
 18427 | Slime:2  | Noticed an azure jelly
 18427 | Slime:2  | Paralysed by a great orb of eyes for 5 turns
 18430 | Slime:2  | Noticed a quicksilver ooze
 18436 | Slime:2  | Mangled by an azure jelly

Illustrated notes

Levels and vault maps discovered:
D:1:      evilmike_arrival_crescent, layout_rooms,
          hellmonk_ecumenical_altar_zigzags, serial_shops, nicolae_shop_trees,
          grunt_decor_resistance
D:2:      layout_basic, uniq_terence, uniq_crazy_yiuf_cottage
D:3:      cheibrodos_greedy_goblins, layout_loops_ring, serial_shops,
          nicolae_shop_trees, uniq_natasha
D:4:      layout_rooms, led_sif_book, serial_shops, nicolae_take_the_stairs
D:5:      layout_basic, lemuel_zombie_altar_kikubaaqudgha, uniq_pikel
D:6:      layout_basic, nicolae_gozag_cash_rules_everything_around_me,
          nicolae_hepliaklqana_monster_ancestors, minmay_temple_entry_slanted,
          kennysheep_generic_room_14
D:7:      wander_guarded_unrand_ratskin, layout_basic
D:8:      layout_cave_pods, nicolae_overflow_hidden_temple, dpeg_oklobed_lair,
          serial_column_ruins, column_ruins_square_medium,
          column_ruins_open_small, column_ruins_columns_straight,
          column_ruins_open_medium, column_ruins_columns_corner,
          column_ruins_open_small, column_ruins_open_large,
          column_ruins_open_tiny, enter_bailey_5
D:9:      layout_basic, nicolae_wu_jian_wuxing_cycle
D:10:     layout_rooms, grunt_ministairs_15, uniq_josephine
D:11:     nzn_motion_control, layout_rooms, dk_noncrumbling_4,
          dreamdust_princess_corridor
D:12:     layout_irregular_city, orc_david_3, serial_undead, serial_undead_b,
          serial_undead_a, serial_undead_b, serial_undead_d
D:13:     layout_long_grid, minmay_misc_feat_alley, uniq_kirke
D:14:     layout_roguey, erik_vaults_1, minmay_splitting_lines,
          minmay_shop_chei, minmay_tree_intersection,
          einodemon_armed_red_devil_minivault
Lair:1:   layout_long_grid, special_room [special_room_bee], ebering_ghost_xom,
          uniq_urug
Lair:2:   layout_hall_layers, minmay_snake_entry_six_corridors
Lair:3:   layout_regular_city, skrybe_swamp_entry_bodies, enter_volcano_2
Lair:4:   layout_roguey, dpeg_slime_entry_enclosed, serial_bayou_pond_e
Swamp:1:  layout_basic_swamp, ebering_ghost_xom, evilmike_swamp_ruin_house_3
Slime:1:  layout_caves
Slime:2:  cheibrodos_slime_lost_civilization_9, layout_caves

Skill      XL: |  1  2  3  4  5  6  7  8  9 10 11 12 13 14 |
---------------+-------------------------------------------+-----
Armour         | 4 5 6 7 9 10 12 13 14 15 | 15.0
Shields        | 4 5 6 7 9 10 12 13 14 15 | 15.0
Fighting       | 4 5 6 7 9 10 12 13 14 15 | 15.0
Long Blades    | 3 4 5 6 7 9 10 12 13 14 | 14.8
Dodging        | 3 4 |  4.6
Evocations     | 3 4 |  4.0

Action                   |  1- 3 |  4- 6 |  7- 9 | 10-12 | 13-15 || total
-------------------------+-------+-------+-------+-------+-------++-------
Melee: Long sword        |    63 |   147 |   238 |       |       ||   448
       Headbutt          |    10 |    23 |    60 |    99 |    88 ||   280
       Double sword      |       |       |    61 |   503 |   353 ||   917
       Unarmed           |       |       |       |       |     8 ||     8
Throw: Dart              |       |       |     1 |     7 |     3 ||    11
       Javelin           |       |       |       |       |     1 ||     1
       Throwing net      |       |       |       |       |     1 ||     1
Invok: Potion Petition   |       |       |       |     1 |       ||     1
Evoke: Wand              |       |       |       |       |    11 ||    11
       Box of beasts     |       |       |       |       |     1 ||     1
       Phial of floods   |       |       |       |       |     1 ||     1
  Use: Potion            |       |     2 |     7 |       |    13 ||    22
       Scroll            |       |       |     2 |    18 |     8 ||    28
 Stab: Distracted        |       |       |       |     4 |       ||     4
Armor: Scale mail        |    20 |    67 |   160 |       |       ||   247
       Skin              |       |       |     3 |       |     8 ||    11
       Plate armour      |       |       |    15 |   350 |   248 ||   613
Dodge: Dodged            |    35 |    80 |   176 |   158 |   125 ||   574
Block: Buckler           |    13 |    34 |    93 |   136 |   117 ||   393
